 Dungeon Sprint DCSS version 0.30-a0-808-g6e0788376e (webtiles) character file.

Game seed: 10886662558114896237

0 rocky1 the Insei (level 1, -5/13 HPs)
             Began as an Octopode Transmuter on Feb 26, 2023.
             Was an Initiate of Gozag.
             Slain by a wight
             ... wielding a +2 dagger
              (7 damage)
             ... in the Dungeon (Sprint VI: "Thunderdome").
             The game lasted 00:00:26 (24 turns).

rocky1 the Insei (Octopode Transmuter)                Turns: 24, Time: 00:00:27

Health: -5/13      AC:  1    Str:  9    XL:     1   Next: 20%
Magic:  2/3        EV: 13    Int: 15    God:    Gozag
Gold:   200        SH:  0    Dex: 12    Spells: 3/4 levels left

rFire   . . .      SeeInvis .      - Unarmed
rCold   . . .      Faith    .    (no shield)
rNeg    . . .      Spirit   .    (helmet currently unavailable)
rPois   .          Reflect  .    (no amulet)
rElec   .          Harm     .    (no ring)
rCorr   .          Rampage  .    (no ring)
Will    .....      NoTele   +    (no ring)
Stlth   ++                       (no ring)
HPRegen 0.22/turn                (no ring)
MPRegen 0.08/turn                (no ring)
                                 (no ring)
                                 (no ring)

@: appendages (expiring)
A: tentacle spike 3, almost no armour, amphibious, 8 rings, camouflage 1,
gelatinous body 1, (nimble swimmer 1), tentacles
a: End Transformation, Renounce Religion, Potion Petition, Call Merchant, Bribe
Branch


You were in the Dungeon.
You worshipped Gozag.
Gozag was aware of your devotion.
One of your tentacles had grown a beastly spike.
You visited 1 branch You collected 200 gold pieces.

Inventory:

Wands
 i - a wand of light (4)
 j - a wand of iceblast (5)
Scrolls
 g - 4 scrolls of blinking
 k - 3 scrolls of fog
Potions
 a - a potion of lignification
 b - a potion of curing
 c - 4 potions of heal wounds
 d - 4 potions of haste
 e - 2 potions of magic
 f - a potion of berserk rage
 h - a potion of resistance


   Skills:
 + Level 1.0 Fighting
 + Level 2.1 Dodging
 + Level 3.4 Unarmed Combat
 + Level 2.1 Spellcasting
 + Level 2.1 Transmutations


You had 3 spell levels left.
You knew the following spells:

 Your Spells              Type           Power      Damage    Failure   Level
a - Beastly Appendage     Tmut           14%        N/A       10%         1

Your spell library contained the following spells:

 Spells                   Type           Power      Damage    Failure   Level
 Wereblood                Tmut           7%         N/A       14%         2
 Spider Form              Tmut/Pois      4%         N/A       38%         3
 Ice Form                 Ice/Tmut       4%         N/A       80%         4


Dungeon Overview and Level Annotations

Branches:
Dungeon (1/1)

Altars:
Cheibriados
Gozag
Kikubaaqudgha
Makhleb
Vehumet
Wu Jian
Xom
Lugonu

Shops:
D *[?


Innate Abilities, Weirdness & Mutations

One of your tentacles has grown a beastly spike.
You cannot wear most types of armour.
You are amphibious.
You can wear up to eight rings at the same time.
Your skin changes colour to match your surroundings (Stealth+).
Your rubbery body absorbs attacks. (AC +1, EV +1)
((You are camouflaged when in or above water. (Stealth+)))
You have tentacles for arms and can constrict up to eight enemies at once.


Message History

You destroy the bat skeleton!
You curl up in front of the altar of Gozag.
Gozag welcomes you!
Gozag waives the service fee.
Unknown command.
Press < or > to pray at altars.
A wight comes into view.
It is wielding a +2 dagger and wearing a +2 robe of positive energy.
Casting: Beastly Appendage (safe; 10% risk of failure)
Confirm with . or Enter, or press ? or * to list all spells.
One of your tentacles grows a vicious spike.
Okay, then.
Aiming: Bolt of Light
Press: ? - help, Shift-Dir - straight line, f - wight
Aim: a wight, wielding a +2 dagger and wearing a +2 robe of positive energy (71% to hit)
The bolt of light misses the wight.
You tentacle-slap the wight but do no damage.
You grab the wight.
You pierce the wight, but do no damage.
You squeeze the wight, but do no damage.
You constrict the wight, but do no damage.
You tentacle-slap the wight but do no damage.
You pierce the wight.
You squeeze the wight, but do no damage.
The wight is moderately damaged.
You constrict the wight, but do no damage.
The wight hits you with a +2 dagger!
Ouch! That really hurt!
* * * LOW HITPOINT WARNING * * *
You tentacle-slap the wight but do no damage.
You pierce the wight, but do no damage.
The wight is moderately damaged.
You constrict the wight, but do no damage.
The wight closely misses you.
You completely miss the wight. Your squeeze misses the wight.
The wight is moderately damaged.
Your transformation is almost over.
You constrict the wight, but do no damage.
The wight hits you with a +2 dagger!
Ouch! That really hurt!
You die...
Your body crumbles into a pile of gold.

######.8.... ..8.#
##._._......# .....
###∩........8. .8...
##.............###...
#⌠..........# #...#
#⌠..........# #.<.#
#⌠..........###...#
##.............###.....
###∩....@z..8.# .8...
##∩___......# .....
######.8.........8.#
#⌠...........⌠#
###.........###
#_....... #_.......
#_.......


You could see a wight.

Vanquished Creatures
  A bat skeleton (D)
1 creature vanquished.

Notes
Turn   | Place    | Note
-------+----------+-------------------------------------------
     0 | D        | rocky1 the Octopode Transmuter began the quest for the Orb.
     0 | D        | Reached XP level 1. HP: 13/13 MP: 3/3
     3 | D        | Found a snail-covered altar of Cheibriados.
     3 | D        | Found an ornate altar of the Wu Jian Council.
     4 | D        | Found an opulent altar of Gozag.
     4 | D        | Found an ancient bone altar of Kikubaaqudgha.
     5 | D        | Found a shimmering altar of Xom.
     5 | D        | Found a burning altar of Makhleb.
     5 | D        | Round 1.
     6 | D        | Found Moik's Identification Station.
     6 | D        | Found a corrupted altar of Lugonu.
     6 | D        | Found a radiant altar of Vehumet.
     7 | D        | Found Uhupsor's Advanced Armour.
     7 | D        | Found Utenef's Jewellery.
    13 | D        | Became a worshipper of Gozag Ym Sagoz the Greedy
    16 | D        | Noticed a wight
    24 | D        | Slain by a wight

Illustrated notes

Levels and vault maps discovered:
D:        arena_sprint

Action                     || total
---------------------------++-------
  Melee: Unarmed           ||     5
         Kick              ||     3
         Tentacles         ||     3
         Constrict         ||     2
   Cast: Beastly Appendage ||     1
  Evoke: Wand              ||     1
 Armour: Skin              ||     1
  Dodge: Dodged            ||     2

Table legend: (Time is in decaauts)
 A = Elapsed time spent in this place.
 B = Non-inter-level travel time spent in this place.
 C = Inter-level travel time spent in this place.
 D = Time resting spent in this place.
 E = Time spent auto-exploring this place.
 F = Levels seen in this place.
 G = Mean time per level.
                   A        B        C        D        E       F      G
               +--------+--------+--------+--------+--------+-----+--------+
         Total |     23 |     23 |      0 |      0 |      0 |   1 |   23.0 |
       Dungeon |     23 |     23 |      0 |      0 |      0 |   1 |   23.0 |
               +--------+--------+--------+--------+--------+-----+--------+

Top non-repeatable levels by time:
       D: 23 daAuts
